 Dungeon Crawl Stone Soup version 0.19-a0-1743-g6dcb786 (webtiles) character file.

56 snetch the Skirmisher (level 3, -1/37 HPs)
             Began as a Draconian Wanderer on Oct 1, 2016.
             Slain by a worm (4 damage)
             ... on level 2 of the Dungeon.
             The game lasted 00:03:43 (634 turns).

snetch the Skirmisher (Draconian Wanderer)           Turns: 634, Time: 00:03:45

Health: -1/37      AC:  5    Str: 15    XL:     3   Next: 69%
Magic:  3/3        EV: 12    Int:  9    God:
Gold:   48         SH:  0    Dex: 13    Spells: 0 memorised, 2 levels left

rFire  . . .     SeeInvis .     a - +0 mace
rCold  . . .     Gourm    .     (armour unavailable)
rNeg   . . .     Faith    .     (no shield)
rPois  .         Spirit   .     (helmet restricted)
rElec  .         Dismiss  .     (no cloak)
rCorr  .         Reflect  .     (no gloves)
MR     .....     Harm     .     (no boots)
Stlth  ++........               o - amulet of inaccuracy (curse)
                                (no ring)
                                (no ring)

@: lethally poisoned (-1 -> -2)
A: unfitting armour, cold-blooded, AC +5
a: no special abilities


You were on level 2 of the Dungeon.
You were not hungry.

You visited 1 branch of the dungeon, and saw 2 of its levels.

You collected 48 gold pieces.

Inventory:

Hand Weapons
 a - a +0 mace (weapon)
 b - a +0 hand crossbow
Missiles
 d - 29 bolts
 g - 19 poisoned needles
 i - 96 stones (quivered)
 p - 20 arrows
 s - 11 sling bullets
Jewellery
 o - a cursed amulet of inaccuracy (around neck)
Scrolls
 c - a scroll of blinking
 e - a scroll of teleportation
 k - a scroll of identify {unknown}
 n - a scroll of remove curse {unknown}
 q - a scroll of fog {unknown}
Potions
 r - a potion of heal wounds {unknown}
Comestibles
 f - a bread ration
 h - a meat ration
 j - 6 chunks of flesh
 l - 3 fruits


   Skills:
 + Level 6.3 Fighting
 + Level 1.4 Maces & Flails
 + Level 1.7 Crossbows
 * Level 1.2 Dodging
 + Level 1.3 Stealth
   Level 1.0 Shields


You had 2 spell levels left.
You didn't know any spells.

Dungeon Overview and Level Annotations

Branches:
Dungeon (2/15)

Altars:


Innate Abilities, Weirdness & Mutations

Your plain brown scales are hard. (AC +5)
You cannot fit into any form of body armour.
You are cold-blooded and may be slowed by cold attacks.


Message History

The goblin hits you but does no damage. The adder bites you.
You miss the adder.
Your tail-slap misses the adder.
The goblin closely misses you. The adder bites you.
* * * LOW HITPOINT WARNING * * *
The worm bites you.
* * * LOW HITPOINT WARNING * * *
The goblin hits you with a dagger.
* * * LOW HITPOINT WARNING * * *
The adder bites you but does no damage.
You barely miss the adder.
Your tail-slap misses the adder.
You feel sick. The adder completely misses you. The worm bites you.
* * * LOW HITPOINT WARNING * * *
The goblin barely misses you.
You sock the adder!
The adder is severely wounded.
The adder bites you.
* * * LOW HITPOINT WARNING * * *
The goblin hits you but does no damage. The adder misses you.
The worm bites you.
You die...

# #.......#
# #.......##
# #........
# #.......#
#.......# .
#.......# .
#....g..## .
#..w@...#
#...S...#
#..†..w.#
#.......#
#.......#
#.........
#..........
###.###.....
#. .#...


You could see 2 worms, an adder and a goblin.

Vanquished Creatures
  2 adders
  3 dart slugs (D:1)
  A leopard gecko (D:1)
  2 bats (D:1)
  A giant cockroach (D:1)
  9 goblins
  5 hobgoblins (D:1)
  A frilled lizard (D:1)
  3 kobolds (D:1)
  A rat (D:2)
28 creatures vanquished.

Notes
Turn   | Place    | Note
-------+----------+-------------------------------------------
     0 | D:1      | snetch the Draconian Wanderer began the quest for the Orb.
     0 | D:1      | snetch set off with: a +2 dagger, a scroll of blinking, a +0 hand crossbow, 29 bolts, a scroll of teleportation, a bread ration
     0 | D:1      | Reached XP level 1. HP: 23/23 MP: 1/1
   144 | D:1      | Reached XP level 2. HP: 30/30 MP: 2/2
   195 | D:2      | Reached skill level 6 in Fighting
   254 | D:1      | Reached XP level 3. HP: 16/37 MP: 3/3
   273 | D:1      | Reached skill level 1 in Dodging
   612 | D:1      | HP: 1/37 [goblin (2)]
   634 | D:2      | Slain by a worm

Vault maps used:
D:1:      dpeg_arrival_morbid_curiosity
D:2:      minmay_door_square

Skill      XL: |  1  2  3 |
---------------+----------+-----
Fighting       | 6 |  6.3
Dodging        | 1 |  1.2
Maces & Flails | |  1.4
Crossbows      | |  1.7
Stealth        | |  1.3
Shields        | |  1.0

Action                   || total
-------------------------++-------
Melee: Dagger            ||    17
       Mace              ||    87
       Tailslap          ||    10
 Fire: Hand crossbow     ||     5
  Use: Potion            ||     1
 Stab: Sleeping          ||     1
Armor: Skin              ||    43
Dodge: Dodged            ||   111
